 Dungeon Sprint DCSS version 0.30.1-4-g462c640d31 (webtiles) character file.

Game seed: 9804921079028660369

13388 Heoruswealwe the Sorcerer (level 11, -15/54 HPs)
             Began as a Deep Elf Conjurer on Aug 30, 2023.
             Was the Champion of Vehumet.
             Demolished by a lorocyproca (31 damage)
             ... in the Dungeon (Sprint I: "Red Sonja").
             The game lasted 00:40:22 (2314 turns).

Heoruswealwe the Sorcerer (Deep Elf Conjurer)       Turns: 2314, Time: 00:40:23

Health: -15/54     AC:  5    Str:  4    XL:     11   Next: 74%
Magic:  22/43      EV: 12    Int: 24    God:    Vehumet [******]
Gold:   324        SH:  0    Dex: 13    Spells: 2/62 levels left

rFire   . . .        a - +1 scimitar (venom)
rCold   . . .        (no shield)
rNeg    . . .        c - +0 robe
rPois   .            (no helmet)
rElec   .            (no cloak)
rCorr   .            (no gloves)
SInv    .            e - +2 pair of boots of Resonant Surprise {Slay+2}
Will    +....        (no amulet)
Stlth   +            k - ring of wizardry
HPRegen 0.29/turn    (no ring)
MPRegen 0.28/turn

%: no teleportation, wizardry (x1)
@: confused
A: dopey 2
a: Renounce Religion


You were in the Dungeon.
You worshipped Vehumet.
Vehumet was exalted by your worship.
You visited 1 branch You collected 2442 gold pieces.
You spent 2118 gold pieces at shops.

Inventory:

Hand Weapons
 a - a +1 scimitar of venom (weapon)
Armour
 c - a +0 robe (worn)
 e - the +2 pair of boots of Resonant Surprise (worn) {Slay+2}
   (You bought it in a shop in the Dungeon)

   Slay:      It affects your accuracy & damage with ranged weapons and melee
   (+2).
Jewellery
 k - a ring of wizardry (left hand)
Wands
 h - a wand of quicksilver (15)
 o - a wand of flame (17)
Scrolls
 i - 6 scrolls of identify
 l - 3 scrolls of fog
 q - 3 scrolls of enchant armour
Potions
 j - a potion of brilliance
 p - a potion of ambrosia


   Skills:
 - Level 2.4 Dodging
 - Level 2.4 Stealth
 + Level 26.1 Spellcasting
 + Level 22.7 Conjurations


You had 2 spell levels left.
You knew the following spells:

 Your Spells              Type           Power      Damage    Failure   Level
a - Magic Dart            Conj           100%       1d8       0%          1
b - Searing Ray           Conj           100%       2d8       0%          2
c - Dazzling Flash        Conj/Hex       100%       N/A       1%          3
d - Hailstorm             Conj/Ice       72%        3d15      1%          3
e - Iskenderun's Mystic   Conj/Tloc      72%        2d15      1%          4
f - Fulminant Prism       Conj/Hex       36%        3d17      1%          4
g - Sticky Flame          Conj/Fire      72%        2d9       1%          4
h - Iskenderun's Battles  Conj           96%        2d14      0%          5
i - Fireball              Conj/Fire      36%        3d15      1%          5
j - Arcjolt               Conj/Air       36%        1d46      1%          5
k - Irradiate             Conj/Tmut      36%        3d23      1%          5
l - Starburst             Conj/Fire      36%        6d11      1%          6
m - Conjure Ball Lightni  Conj/Air       36%        3x3d12    1%          6
n - Orb of Destruction    Conj           48%        9d13      1%          7

Your spell library contained the following spells:

 Spells                   Type           Power      Damage    Failure   Level


Dungeon Overview and Level Annotations

Branches:
Dungeon (1/1)

Altars:
Cheibriados
Dithmenos
Elyvilon
Fedhas
Gozag
Hepliaklqana
Kikubaaqudgha
Makhleb
Nemelex Xobeh
Okawaru
Qazlal
Ru
Sif Muna
Trog
Uskayaw
Vehumet
Wu Jian
Xom
Yredelemnul
Zin
The Shining One
Jiyva
Lugonu

Shops:
D **[:?=?*([[[?=(*?([[(


Innate Abilities, Weirdness & Mutations

You are very dopey. (Int -4)


Message History

Confirm with . or Enter, or press ? or * to list all spells.
You erupt in a blast of force!
The mystic blast hits something!
You are engulfed in noxious fumes.
You choke on the stench!
You are confused.
You feel better.
You are engulfed in noxious fumes.
You choke on the stench!
You are confused.
You're too confused to cast spells.
You bump into the stone wall.
You feel less confused.
Casting: Iskenderun's Mystic Blast (safe; 1% risk of failure)
Confirm with . or Enter, or press ? or * to list all spells.
You erupt in a blast of force!
The mystic blast hits something.
You are engulfed in noxious fumes.
You choke on the stench!
You are confused.
You bump into the stone wall.
You are engulfed in noxious fumes.
You feel less confused. Something hits you!
You feel your power leaking away.
Deactivating autopickup; reactivate with Ctrl-A.
You are engulfed in noxious fumes.
You choke on the stench!
You are confused.
You are engulfed in noxious fumes.
You choke on the stench!
You are more confused.
Something hits you!!
* * * LOW HITPOINT WARNING * * *
You feel your power leaking away.
You see here a +0 mace.
You feel much better.
You are engulfed in noxious fumes.
You choke on the stench!
You are more confused.
Something completely misses you. Something hits you!
You feel your power leaking away. Something hits you!!
* * * LOW HITPOINT WARNING * * *
You feel your power leaking away.
You see here a +0 mace.
Magic courses through your body. Something hits you!!
Ouch! That really hurt!
You die...

#################################
.'..#__#.)'.).#..#.§§.÷§§§§.†+..#
)#..'..'..#...##'#.####§§§§§##..+
###'#__####...'..#§#,*##.§§######
..#.####.(#####..+§#+*$###+#,,,**
.##.#§~§..#..##+####,.$#y#,**,,,*
'#_.+)~§§.+..#...{.#.°$###,,***,*
..._#)~~§§#..#.○@○.'○°$$$#*,*,*,*
_.#'##+#####'###°..#.....#,,***,*
#'#)#..[(###.+§#...###++##,**,,,*
#.####'###.###§#☼.##*,,***,,*+***
.)['.....'[∩##§#.○#***,,***,,,*,~
...###########.##'#,,*,,*,***,*,~
#.###.......##§##.#,,,,,,,,,*,***
#'#.#....÷.÷.+§####,,,,,,,,,*,*,+
....#'''######§#,,+,,,,,,****+*,*


There were no monsters in sight!

Vanquished Creatures
  A hydra (D)
  2 centaur warriors (D)
  Sonja (D)
  A deep troll (D)
  A lindwurm (D)
  An oklob plant (D)
  8 shining eyes (D)
  4 demonic crawlers (D)
  2 unseen horrors (D)
  A gargoyle (D)
  2 kobold demonologists (D)
  A hornet (D)
  A slime creature (D)
  Sigmund (D)
  A yak (D)
  13 hogs (D)
  2 redbacks (D)
  7 floating eyes (D)
  An ogre (D)
  7 necrophages (D)
  8 jellies (D)
  Ijyb (D)
  2 ballistomycete spores (D)
69 creatures vanquished.

Vanquished Creatures (others)
  11 fulminant prisms (D)
11 creatures vanquished.

Grand Total: 80 creatures vanquished

Notes
Turn   | Place    | Note
-------+----------+-------------------------------------------
     0 | D        | Heoruswealwe the Deep Elf Conjurer began the quest for the
                  | Orb.
     0 | D        | Reached XP level 1. HP: 10/10 MP: 6/6
     1 | D        | Noticed Ijyb
    15 | D        | Killed Ijyb
    16 | D        | Reached skill level 6 in Spellcasting
    16 | D        | Reached XP level 2. HP: 10/15 MP: 7/11
    22 | D        | Learned a level 2 spell: Searing Ray
    64 | D        | Noticed an ogre
    68 | D        | Killed an ogre
    69 | D        | Reached skill level 9 in Spellcasting
    69 | D        | Reached XP level 3. HP: 19/19 MP: 6/15
    69 | D        | Reached XP level 4. HP: 24/24 MP: 6/17
   150 | D        | Learned a level 3 spell: Dazzling Flash
   155 | D        | Learned a level 4 spell: Fulminant Prism
   160 | D        | Learned a level 4 spell: Iskenderun's Mystic Blast
   162 | D        | Noticed Sigmund
   166 | D        | Killed Sigmund
   167 | D        | Reached skill level 11 in Spellcasting
   167 | D        | Reached skill level 10 in Conjurations
   167 | D        | Reached XP level 5. HP: 15/28 MP: 8/21
   167 | D        | Reached XP level 6. HP: 17/32 MP: 8/22
   252 | D        | Found an ornate altar of the Wu Jian Council.
   252 | D        | Found a shimmering blue altar of Sif Muna.
   256 | D        | Reached skill level 12 in Spellcasting
   256 | D        | Found a radiant altar of Vehumet.
   263 | D        | Became a worshipper of Vehumet
   279 | D        | Found Xiuth's Book Emporium.
   279 | D        | Found an ancient bone altar of Kikubaaqudgha.
   279 | D        | Found a hazy altar of Hepliaklqana.
   279 | D        | Found a stormy altar of Qazlal.
   279 | D        | Found a hide-covered altar of Uskayaw.
   279 | D        | Found a blossoming altar of Fedhas.
   279 | D        | Found a bloodstained altar of Trog.
   279 | D        | Found an iron altar of Okawaru.
   279 | D        | Found a basalt altar of Yredelemnul.
   279 | D        | Found a glowing golden altar of the Shining One.
   279 | D        | Found a snail-covered altar of Cheibriados.
   279 | D        | Found a sacrificial altar of Ru.
   279 | D        | Found a glowing silver altar of Zin.
   279 | D        | Found a shadowy altar of Dithmenos.
   279 | D        | Found a white marble altar of Elyvilon.
   279 | D        | Noticed a yak
   285 | D        | Killed a yak
   286 | D        | Reached skill level 13 in Spellcasting
   286 | D        | Found an opulent altar of Gozag.
   287 | D        | Found a sparkling altar of Nemelex Xobeh.
   381 | D        | Found a viscous altar of Jiyva.
   381 | D        | Found a corrupted altar of Lugonu.
   381 | D        | Noticed a slime creature
   382 | D        | Found a burning altar of Makhleb.
   382 | D        | Found a shimmering altar of Xom.
   397 | D        | Killed a slime creature
   398 | D        | Reached skill level 14 in Spellcasting
   398 | D        | Reached XP level 7. HP: 36/36 MP: 20/26
   410 | D        | Noticed Sonja
   417 | D        | Killed Sonja
   417 | D        | Reached * piety under Vehumet
   417 | D        | Offered knowledge of Sandblast by Vehumet.
   418 | D        | Reached skill level 16 in Spellcasting
   418 | D        | Reached XP level 8. HP: 24/41 MP: 17/30
   523 | D        | Found Estrah's Assorted Antiques.
   531 | D        | Bought a scroll labelled JEOSOS LALAZA for 27 gold pieces
   531 | D        | Bought an amethyst potion for 24 gold pieces
   531 | D        | Bought 2 scrolls labelled XAANAU LURAZYPNU for 54 gold
                  | pieces
   531 | D        | Bought a scroll labelled DUMEOH FUUH for 27 gold pieces
   531 | D        | Bought a scratched wooden ring for 135 gold pieces
   531 | D        | Bought a glowing copper amulet for 135 gold pieces
   531 | D        | Bought a glowing scimitar for 189 gold pieces
   554 | D        | Noticed a deep troll
   565 | D        | Killed a deep troll
   566 | D        | Reached skill level 17 in Spellcasting
   566 | D        | Reached skill level 15 in Conjurations
   580 | D        | Found Binadiarch's Armour Emporium.
   687 | D        | Noticed a kobold demonologist
   691 | D        | Noticed a kobold demonologist
   693 | D        | Noticed a red devil
   699 | D        | Killed a kobold demonologist
   699 | D        | Offered knowledge of Poisonous Vapours by Vehumet.
   699 | D        | Reached ** piety under Vehumet
   700 | D        | Reached skill level 18 in Spellcasting
   700 | D        | Reached XP level 9. HP: 45/45 MP: 19/33
   701 | D        | Noticed a rust devil
   703 | D        | Killed a kobold demonologist
   788 | D        | Noticed a centaur warrior
   788 | D        | Noticed a centaur warrior
   795 | D        | Killed a centaur warrior
   795 | D        | Killed a centaur warrior
   795 | D        | Reached *** piety under Vehumet
   796 | D        | Reached skill level 20 in Spellcasting
   895 | D        | Offered knowledge of Volatile Blastmotes by Vehumet.
   910 | D        | Noticed an oklob plant
   927 | D        | Killed an oklob plant
   928 | D        | Reached skill level 21 in Spellcasting
   928 | D        | Reached XP level 10. HP: 50/50 MP: 21/37
  1001 | D        | Reached **** piety under Vehumet
  1130 | D        | Offered knowledge of Hailstorm by Vehumet.
  1130 | D        | Reached ***** piety under Vehumet
  1138 | D        | Paralysed by a floating eye for 3 turns
  1142 | D        | Reached skill level 22 in Spellcasting
  1145 | D        | Reached ****** piety under Vehumet
  1185 | D        | Learned a level 3 spell: Hailstorm
  1191 | D        | Offered knowledge of Arcjolt by Vehumet.
  1198 | D        | Learned a level 5 spell: Arcjolt
  1211 | D        | Identified the +6 scale mail "Zul Zaiz" {Rampage Fly rF+}
  1216 | D        | Found Ihejuy's Assorted Antiques.
  1216 | D        | Found Ighum's Magic Scroll Shop.
  1216 | D        | Found Ekoboz's Antique Weapon Boutique.
  1222 | D        | Found Pidej's Weapon Boutique.
  1222 | D        | Found Cioby's Antique Weapon Emporium.
  1222 | D        | Found Codorri's Antique Armour Emporium.
  1224 | D        | Found Neruo's Magic Scroll Boutique.
  1224 | D        | Found Fahexzeve's General Store.
  1224 | D        | Found Usafu's Antique Weapon Shop.
  1224 | D        | Found Itsoah's Jewellery Emporium.
  1224 | D        | Found Oracwun's Magic Scroll Boutique.
  1224 | D        | Found Inoroel's Armour Shoppe.
  1224 | D        | Found Suegor's Armour Shop.
  1228 | D        | Found Coock's Antique Armour Emporium.
  1230 | D        | Bought a book of the Spheres for 594 gold pieces
  1230 | D        | Bought a scroll of identify for 22 gold pieces
  1232 | D        | Bought a ring of wizardry for 300 gold pieces
  1233 | D        | Bought a scroll of identify for 22 gold pieces
  1233 | D        | Bought a scroll of identify for 22 gold pieces
  1233 | D        | Bought a scroll of identify for 22 gold pieces
  1233 | D        | Bought a scroll of identify for 22 gold pieces
  1233 | D        | Bought a scroll of identify for 22 gold pieces
  1238 | D        | Bought an orange potion for 16 gold pieces
  1238 | D        | Bought 3 scrolls labelled XUFEKI EMOICOU for 54 gold pieces
  1238 | D        | Bought a scroll labelled DUMEOH FUUH for 18 gold pieces
  1238 | D        | Bought a ruby potion for 16 gold pieces
  1239 | D        | Bought a scroll of identify for 20 gold pieces
  1239 | D        | Bought a scroll of identify for 20 gold pieces
  1239 | D        | Bought a scroll of identify for 20 gold pieces
  1239 | D        | Bought a scroll of identify for 20 gold pieces
  1251 | D        | Learned a level 5 spell: Iskenderun's Battlesphere
  1257 | D        | Learned a level 5 spell: Fireball
  1264 | D        | Learned a level 6 spell: Conjure Ball Lightning
  1272 | D        | Learned a level 7 spell: Orb of Destruction
  1344 | D        | Bought a blackened ivory wand for 108 gold pieces
  1400 | D        | Bought a pair of twisted boots for 209 gold pieces
  1400 | D        | Identified the +2 pair of boots of Resonant Surprise
                  | {Slay+2} (You bought it in a shop in the Dungeon)
  1473 | D        | Noticed a shining eye
  1473 | D        | Noticed a shining eye
  1473 | D        | Noticed a shining eye
  1475 | D        | Offered knowledge of Lee's Rapid Deconstruction by Vehumet.
  1477 | D        | Killed a shining eye
  1478 | D        | Killed a shining eye
  1480 | D        | Noticed a shining eye
  1481 | D        | Killed a shining eye
  1481 | D        | Gained mutation: You are dopey. (Int -2) [a shining eye]
  1481 | D        | Noticed a shining eye
  1482 | D        | Reached skill level 23 in Spellcasting
  1483 | D        | Killed a shining eye
  1483 | D        | Gained mutation: You are very dopey. (Int -4) [a shining
                  | eye]
  1483 | D        | Noticed a shining eye
  1484 | D        | Killed a shining eye
  1484 | D        | Noticed a shining eye
  1485 | D        | Reached XP level 11. HP: 54/54 MP: 10/40
  1485 | D        | Killed a shining eye
  1485 | D        | Noticed a shining eye
  1486 | D        | Killed a shining eye
  1487 | D        | Reached skill level 24 in Spellcasting
  1487 | D        | Killed a shining eye
  1637 | D        | Found Ficosm's Magic Scroll Shop.
  1637 | D        | Found Malet's Assorted Antiques.
  1637 | D        | Found Epnopna's Jewellery Boutique.
  1637 | D        | Found Vahy's Antique Armour Emporium.
  1695 | D        | Offered knowledge of Sticky Flame by Vehumet.
  1709 | D        | Learned a level 4 spell: Sticky Flame
  1819 | D        | Noticed a lindwurm
  1824 | D        | Killed a lindwurm
  1825 | D        | Reached skill level 25 in Spellcasting
  1877 | D        | Offered knowledge of Starburst by Vehumet.
  1967 | D        | Learned a level 6 spell: Starburst
  2032 | D        | Noticed a 12-headed hydra
  2040 | D        | Killed a 12-headed hydra
  2040 | D        | Offered knowledge of Irradiate by Vehumet.
  2041 | D        | Reached skill level 26 in Spellcasting
  2205 | D        | Learned a level 5 spell: Irradiate
  2314 | D        | Demolished by a lorocyproca

Illustrated notes

Levels and vault maps discovered:
D:        dungeon_sprint_1 [red_sonja_temple_1, red_sonja_temple_small_1]

Skill      XL: |  1  2  3  4  5  6  7  8  9 10 11 |
---------------+----------------------------------+-----
Spellcasting   | 6 9 11 14 16 18 21 23 26 | 26.1
Conjurations   | 6 8 10 12 14 16 18 20 22 | 22.7
Dodging        | |  2.4
Stealth        | |  2.4

Action                     |  1- 3 |  4- 6 |  7- 9 | 10-12 || total
---------------------------+-------+-------+-------+-------++-------
  Melee: Unarmed           |    11 |       |       |       ||    11
   Cast: Searing Ray       |     1 |     4 |     3 |     2 ||    10
         Iskenderun's Myst |       |     8 |    11 |    26 ||    45
         Magic Dart        |       |    10 |     7 |     5 ||    22
         Fulminant Prism   |       |       |    11 |       ||    11
         Fireball          |       |       |       |    31 ||    31
    Use: Potion            |     2 |     1 |     1 |     5 ||     9
         Scroll            |       |       |       |    11 ||    11
 Armour: Robe              |       |       |       |     6 ||     6
  Dodge: Dodged            |     4 |       |     8 |    13 ||    25
